 Dungeon Crawl Stone Soup version 0.24.0-123-gd5b16e6ec5 (webtiles) character file.

Game seed: 16480371760649892304, levelgen mode: deterministic

59 vurker the Gusty (level 3, 0/22 HPs)
             Began as a Felid Air Elementalist on Feb 4, 2020.
             Slain by Terence
             ... wielding a cursed -2 trident
              (3 damage)
             ... on level 2 of the Dungeon.
             The game lasted 00:03:03 (2435 turns).

vurker the Gusty (Felid Air Elementalist)           Turns: 2435, Time: 00:03:03

Health: 0/22       AC: 21    Str:  2    XL:     3   Next: 78%
Magic:  0/7        EV:  4    Int: 17    God:
Gold:   107        SH:  0    Dex: 16    Spells: 6/7 levels left
                                        Lives:  0   Deaths: 0

rFire    . . .     SeeInvis +   (weapon unavailable)
rCold    + . .     Gourm    .   (shield unavailable)
rNeg     + + +     Faith    .   (armour unavailable)
rPois    +         Spirit   .   (helmet unavailable)
rElec    .         Reflect  .   (cloak unavailable)
rCorr    .         Harm     .   (gloves unavailable)
MR       .....     NoTele   +   (boots unavailable)
Stlth    ++........             (no amulet)
HPRegen  0.07/turn              l - ring of protection from fire
MPRegen  0.10/turn              h - ring of ice

@: tree-form, very slightly contaminated
A: very small, no armour, no weapons or thrown items, stealth, see invisible,
carnivore, slow metabolism 1, weak 1, wild magic 1
a: no special abilities


You were on level 2 of the Dungeon.
You were very full.
You were a tree.
You visited 1 branch of the dungeon, and saw 2 of its levels.

You collected 107 gold pieces.

Inventory:

Jewellery
 h - a ring of ice (right branch)
   (You found it on level 1 of the Dungeon)
 l - a ring of protection from fire (left branch)
   (You found it on level 2 of the Dungeon)
Scrolls
 c - 2 scrolls of teleportation {unknown}
 d - a scroll of enchant weapon {unknown}
 f - 2 scrolls of magic mapping {unknown}
 g - a scroll of random uselessness {unknown}
 i - a scroll of fog {unknown}
 j - 5 scrolls of identify {unknown}
 m - a scroll of enchant armour {unknown}
Potions
 k - 3 potions of invisibility
Comestibles
 e - 7 rations


   Skills:
 + Level 1.0 Fighting
 - Level 2.6 Dodging
 - Level 2.6 Stealth
 * Level 2.6 Spellcasting
 * Level 1.9 Conjurations
 * Level 3.2 Air Magic


You had 6 spell levels left.
You knew the following spells:

 Your Spells              Type           Power        Failure   Level  Hunger
a - Shock                 Conj/Air       ##..         10%         1    #......

Your spell library contained the following spells:

 Spells                   Type           Power        Failure   Level  Hunger
 Swiftness                Chrm/Air       ##......     21%         2    ##.....
 Static Discharge         Conj/Air       ##......     26%         3    ###....
 Airstrike                Air            ###.......   52%         4    #####..
 Lightning Bolt           Conj/Air       ##........   90%         5    ######.


Dungeon Overview and Level Annotations

Branches:
Dungeon (2/15)

Altars:

Annotations:
D:2 Terence


Innate Abilities, Weirdness & Mutations

You cannot wear armour.
You are incapable of wielding weapons or throwing items.
Your paws allow you to move quietly. (Stealth)
((You have sharp claws.))
((You have razor-sharp teeth.))
You have supernaturally acute eyesight. (SInv)
You are carnivorous and can eat meat at any time.
((You cover ground quickly.))
((You are covered in fur. (AC +1)))
You have a slow metabolism.
((Your sharp claws are effective at attacking unaware monsters.))
You are weak. (Str -2)
Your spells are a little harder to cast, but a little more powerful.


Message History

The adder poisons you!
You feel sick.
You feel sick.
The zap hits the adder.
The adder bites you.
* * * LOW HITPOINT WARNING * * *
The zap hits the adder.
* * * LOW HITPOINT WARNING * * *
You feel sick. The adder misses you. The adder barely misses you.
You don't have enough magic to cast that spell.
It was a potion of mutation.
You feel extremely strange.
You feel weaker.
You feel less in control of your magic. The adder closely misses you.
It was a potion of lignification.
You turn into a tree.
Your roots penetrate the ground.
The adder bites you but does no damage.
You don't have enough magic to cast that spell.
You completely miss the adder. The adder barely misses you.
You hit the adder but do no damage.
You feel sick. The adder barely misses you. The adder closely misses you.
You hit the adder.
You kill the adder!
You hit the goblin. The goblin hits you but does no damage.
You hit the goblin.
You kill the goblin!
You cannot move.
You start resting.
You feel sick. x2
You are no longer poisoned.
You start resting.
Terence is too close now for your liking.
Terence is nearby!
Unknown command.
Aim: Terence, wielding a -2 trident and wearing a +1 scale mail of fire resistance (hasn't noticed you)
The zap misses Terence.
Terence shouts!
An adder comes into view.
The adder moves out of view.
You cannot move.
You cannot move.
You start resting.
Terence is too close now for your liking.
Terence is nearby!
Unknown command.
Terence is nearby!
Unknown command.
Terence is nearby!
You miscast Shock.
You are very lightly contaminated with residual magic.
You feel a strange surge of energy!
The adder hisses angrily.
Terence hits you from afar with a cursed -2 trident.
You die...

### #...####..##.....#.######
##.######>..#....###.............
#_#.#...#.....#### #.....##...###
.###.##.........# #..(.....#..#
## ######...###.## ########.#..#
#.# #..## #..# ####....##
#.####..# ##S# ##.(.......
#.......# #)# ##..........
#..####.# #♣### #...........
####..####.# #..@###...........
.).......#.## ###.............<.
..(......#..## #####...).......
.........##..# #...........
.........###.# ##..........
.........# #.# ##.........
.........# #.##########....######
.........# #............##.#


You could see Terence and an adder.

Vanquished Creatures
  3 adders (D:2)
  An ooze (D:2)
  A dart slug (D:1)
  A ball python (D:2)
  A giant cockroach (D:2)
  4 hobgoblins
  4 kobolds
  2 quokkas (D:2)
  2 bats (D:2)
  2 frilled lizards (D:2)
  4 goblins
  A rat (D:1)
26 creatures vanquished.

Notes
Turn   | Place    | Note
-------+----------+-------------------------------------------
     0 | D:1      | vurker the Felid Air Elementalist began the quest for the
                  | Orb.
     0 | D:1      | Reached XP level 1. HP: 7/7 MP: 4/4
   322 | D:1      | Reached skill level 1 in Conjurations
   662 | D:1      | Reached XP level 2. HP: 11/11 MP: 0/6
  1657 | D:2      | Reached skill level 3 in Air Magic
  1722 | D:2      | Reached XP level 3. HP: 15/15 MP: 4/7
  1757 | D:2      | Noticed Terence
  2206 | D:2      | Found a faded altar of an unknown god.
  2232 | D:2      | Reached skill level 1 in Fighting
  2411 | D:2      | Gained mutation: You are weak. (Str -2) [potion of
                  | mutation]
  2411 | D:2      | Gained mutation: Your spells are a little harder to cast,
                  | but a little more powerful. [potion of mutation]
  2435 | D:2      | Slain by Terence

Levels and vault maps discovered:
D:1:      dpeg_arrival_houses_and_road, layout_basic
D:2:      layout_rooms, first_ration, chequers_ecumenical_altar_twisty,
          uniq_terence

Skill      XL: |  1  2  3 |
---------------+----------+-----
Conjurations   | 1 |  1.9
Air Magic      | 3 |  3.2
Fighting       | 1 |  1.0
Dodging        | |  2.6
Stealth        | |  2.6
Spellcasting   | |  2.6

Action                   || total
-------------------------++-------
Melee: Unarmed           ||    51
       Bite              ||     3
 Cast: Shock             ||    77
  Use: Potion            ||     2
  Eat: Chunk             ||     9
Armor: Skin              ||     9
Dodge: Dodged            ||    63
